 Dungeon Crawl Stone Soup version 0.20.1-1-g8b1a95d (webtiles) character file.

250 Irenicus the Changer (level 5, -1/43 HPs)
             Began as a Deep Dwarf Transmuter on Oct 20, 2017.
             Slain by an iguana (11 damage)
             ... on level 4 of the Dungeon.
             The game lasted 00:10:45 (2748 turns).

Irenicus the Changer (Deep Dwarf Transmuter)        Turns: 2748, Time: 00:10:48

Health: -1/43      AC:  3    Str: 14    XL:     5   Next: 88%
Magic:  2/7        EV: 12    Int: 13    God:
Gold:   140        SH:  0    Dex: 14    Spells: 2/8 levels left

rFire    . . .     SeeInvis .     - Unarmed
rCold    . . .     Gourm    .   (no shield)
rNeg     + . .     Faith    .   h - +0 leather armour
rPois    .         Spirit   .   (no helmet)
rElec    .         Reflect  .   (no cloak)
rCorr    .         Harm     .   (no gloves)
MR       .....                  (no boots)
Stlth    +.........             m - amulet of inaccuracy (curse)
Regen    0.0/turn               j - ring of positive energy
MPRegen  0.1/turn               (no ring)

@: non-regenerating
A: damage resistance, heal wounds, sense surroundings 1, no regeneration
a: Heal Wounds


You were on level 4 of the Dungeon.
You were not hungry.

You visited 1 branch of the dungeon, and saw 4 of its levels.

You collected 140 gold pieces.

Inventory:

Missiles
 a - 13 arrows
Armour
 b - a +0 robe
 h - a +0 leather armour (worn)
Jewellery
 j - a ring of positive energy (left hand)
 m - a cursed amulet of inaccuracy (around neck)
Wands
 k - a wand of random effects (21/48)
Scrolls
 e - 2 scrolls of identify
 l - 2 scrolls of blinking
 n - a scroll of teleportation
 o - a scroll of random uselessness {unknown}
 p - a scroll of enchant weapon
Potions
 f - a potion of cancellation
 q - a potion of haste
 t - a potion of curing {unknown}
Books
 c - a book of Changes

   Spells                             Type                      Level
   a - Beastly Appendage              Transmutation                1
   b - Sticks to Snakes               Transmutation                2
   c - Spider Form                    Transmutation/Poison         3
   d - Ice Form                       Ice/Transmutation            4
   e - Blade Hands                    Transmutation                5
Comestibles
 d - 4 bread rations
 g - 3 meat rations
 i - a fruit
 r - a chunk of flesh


   Skills:
 - Level 0.8 Fighting
 - Level 2.1 Dodging
 - Level 2.6 Unarmed Combat
 - Level 2.0 Spellcasting
 + Level 5.4 Transmutations
 + Level 0.4 Poison Magic


You had 2 spell levels left.
You knew the following spells:

 Your Spells              Type           Power        Failure   Level  Hunger
a - Beastly Appendage     Tmut           ###...       3%          1    ##.....
b - Sticks to Snakes      Tmut           ###.....     4%          2    ###....
c - Spider Form           Tmut/Pois      #.........   28%         3    ####...


Dungeon Overview and Level Annotations

Branches:
Dungeon (4/15)
 Temple: D:4-7

Altars:
Dithmenos
Xom


Innate Abilities, Weirdness & Mutations

You are resistant to damage.
You can heal yourself by infusing magical energy.
You passively map a small area around you.
You do not regenerate.


Message History

You kill the dart slug!
The orc hits you. The iguana bites you.
* * * LOW HITPOINT WARNING * * *
You smack the phantom!
The phantom is heavily damaged.
The orc hits you but does no damage.
The iguana bites you but does no damage.
The phantom hits you but does no damage.
You miss the phantom.
The phantom is heavily damaged.
The orc hits you but does no damage.
The iguana bites you but does no damage.
The phantom blinks!
You barely miss the iguana.
The iguana is lightly wounded.
You feel less wooden.
Your +0 leather armour unmelds from your body.
Your ball python closely misses the orc. x2
The orc misses you. The iguana bites you!
You die...

# ** , , .....###.... ,* ,
,,,............ ** * * * *
#.#...#..#.# , , *
*########+#####........#.#
,
..?.........#......#..#.#
,
..............S#.#.#..#.#
*
.....⌠.⌠...)#†...........
.......oS...#............
* ,
o....⌠W[@...#..........<.
,
.......l§...#.#....)..#..
*
............#.#.####..#..
............#............
*
......$.....###.####.....
............# #.# ##....[
≈##.........# #.# #......
, #.######### #.# #.†..>#
≈ #.###†##.##


You could see a phantom, an iguana, an orc and a friendly ball python.

Vanquished Creatures
  A bullfrog skeleton (D:4)
  Natasha (D:4)
  3 orc wizards (D:3)
  A hound skeleton (D:4)
  An adder (D:2)
  An ooze (D:2)
  2 worms
  3 dart slugs
  5 leopard geckos
  8 orcs
  2 ball pythons
  2 giant cockroaches
  7 goblins
  3 hobgoblins (D:3)
  6 jackals
  A quokka (D:2)
  5 bats
  4 frilled lizards
  4 kobolds
  5 rats
65 creatures vanquished.

Vanquished Creatures (collateral kills)
  2 worms
  2 orcs (D:3)
  A giant cockroach (D:2)
  2 goblins
  A hobgoblin (D:3)
  A kobold (D:2)
  2 quokkas (D:3)
  A bat (D:2)
  A frilled lizard (D:3)
  A butterfly (D:2)
14 creatures vanquished.

Grand Total: 79 creatures vanquished

Notes
Turn   | Place    | Note
-------+----------+-------------------------------------------
     0 | D:1      | Irenicus the Deep Dwarf Transmuter began the quest for the Orb.
     0 | D:1      | Reached XP level 1. HP: 16/16 MP: 3/3
    62 | D:1      | Reached skill level 2 in Transmutations
   446 | D:1      | Reached XP level 2. HP: 22/24 MP: 4/4
  1010 | D:2      | Found a shimmering altar of Xom.
  1037 | D:2      | Reached skill level 3 in Transmutations
  1043 | D:2      | Learned a level 2 spell: Sticks to Snakes
  1169 | D:2      | Reached XP level 3. HP: 23/30 MP: 1/5
  1725 | D:3      | Found a shadowy altar of Dithmenos.
  1852 | D:3      | Reached XP level 4. HP: 11/37 MP: 0/7
  1877 | D:3      | Reached skill level 4 in Transmutations
  2027 | D:3      | Found a faded altar of an unknown god.
  2049 | D:3      | Learned a level 3 spell: Spider Form
  2114 | D:3      | Reached XP level 5. HP: 20/43 MP: 1/8
  2454 | D:4      | Noticed a phantom
  2499 | D:4      | Noticed an ice beast
  2553 | D:4      | Noticed Natasha
  2565 | D:4      | Killed Natasha
  2565 | D:4      | Reached skill level 5 in Transmutations
  2689 | D:4      | Found Veosoe's Magic Scroll Shoppe.
  2748 | D:4      | Slain by an iguana

Skill      XL: |  1  2  3  4  5 |
---------------+----------------+-----
Transmutations | 2 3 4 5 |  5.4
Spellcasting   | 2 |  2.0
Fighting       | |  0.8
Dodging        | |  2.1
Unarmed Combat | |  2.6
Poison Magic   | |  0.4

Action                   |  1- 3 |  4- 6 || total
-------------------------+-------+-------++-------
Melee: Unarmed           |    79 |   180 ||   259
       Kick              |     6 |     2 ||     8
       Punch             |     2 |     1 ||     3
       Headbutt          |     1 |     2 ||     3
 Cast: Beastly Appendage |    18 |     4 ||    22
       Sticks to Snakes  |    18 |     8 ||    26
       Spider Form       |       |     8 ||     8
 Abil: Heal Wounds       |       |     2 ||     2
Evoke: Wand              |     1 |     1 ||     2
  Use: Scroll            |       |     4 ||     4
       Potion            |       |     3 ||     3
 Stab: Sleeping          |       |     1 ||     1
  Eat: Chunk             |     4 |     6 ||    10
Armor: Robe              |     4 |       ||     4
       Leather armour    |     8 |    12 ||    20
       Skin              |       |    45 ||    45
Dodge: Dodged            |    42 |   126 ||   168
